 Dungeon Crawl Stone Soup version 0.13.1-27-ga479965 (webtiles) character file.

408 Chiseanne the Skirmisher (level 6, -15/47 HPs)
             Began as a Demonspawn Monk on Feb 3, 2014.
             Demolished by Pikel
             ... wielding a +2,+2 whip of electrocution
              (23 damage)
             ... on Level 4 of the Dungeon.
             The game lasted 00:10:21 (3637 turns).

Chiseanne the Skirmisher (Demonspawn Monk)          Turns: 3637, Time: 00:10:21

HP -15/47        AC 20     Str 14      XL: 6   Next:  0%
MP   5/5         EV  2     Int 11      God:
Gold 142         SH  0     Dex 15      Spells:  0 memorised,  5 levels left

Res.Fire  : . . .   See Invis. : .   s - +7,+0 flail (protect) (curse)
Res.Cold  : . . .   Warding    : .   f - +0 plate armour
Life Prot.: . . .   Conserve   : .   (no shield)
Res.Poison: .       Res.Corr.  : +   (helmet restricted)
Res.Elec. : .       Clarity    : .   (no cloak)
Sust.Abil.: . .     Spirit.Shd : .   (no gloves)
Res.Mut.  : .       Stasis     : .   (no boots)
Res.Rott. : .       Flight     : .   c - amulet of resist corrosion
Saprovore : . . .                    (no ring)
                                     (no ring)

@: slightly resistant to hostile enchantments, extremely unstealthy
A: antennae 2, conserve scrolls, AC +4
a: no special abilities


You were on level 4 of the Dungeon.
You were hungry.

You visited 1 branch of the dungeon, and saw 5 of its levels.

You collected 142 gold pieces.

Inventory:

Hand weapons
 a - a +0,+2 mace of crushing
 e - a +1,+0 dwarven hand axe
 g - a -1,-2 club (quivered)
 n - a +2,+2 dagger of holy wrath
 p - a +0,+0 club
 s - a cursed +7,+0 flail of protection (weapon)
Armour
 f - a +0 plate armour (worn)
Comestibles
 b - 2 bread rations
 d - a meat ration
 h - a slice of pizza
Scrolls
 k - 3 scrolls of remove curse
Jewellery
 c - an amulet of resist corrosion (around neck)
Potions
 j - a potion of restore abilities


   Skills:
 * Level 4.5 Fighting
 * Level 1.9 Maces & Flails
 * Level 2.6 Armour
 - Level 3.7 Dodging
 - Level 1.7 Stealth
 - Level 3.6 Unarmed Combat


You had 5 spell levels left.
You didn't know any spells.

Dungeon Overview and Level Annotations

Branches:
Dungeon (5/27)
 Temple: D:4-7

Altars:

Annotations:
D:4 Pikel, Sigmund


Innate Abilities, Weirdness & Mutations

You have a pair of antennae on your head.
You are partially covered in iridescent scales (AC +4).
You are very good at protecting items from fire.


Message History

You miss the phantom. The phantom hits you.
* * * LOW HITPOINT WARNING * * *
The phantom blinks!
There is an escape hatch in the ceiling here.
A mysterious force pulls you upwards. The hatch slams shut behind you.
Level annotation: Sigmund Pikel shouts!
The slave shouts!
The slave shouts!
The slave shouts!
The goblin shouts!
A slave comes into view.
The slave hits you but does no damage.
Found 15 gold pieces.
Read which item? (? for menu, Esc to quit)
Okay, then.
Drink which item? (? for menu, Esc to quit)
Okay, then.
The slave hits you.
* * * LOW HITPOINT WARNING * * *
The slave hits you but does no damage. Pikel hits you but does no damage.
You are electrocuted!
You die...

#####
#...
#..#
#@.#
####K@#
#...@@#
#...@g#
#.....#
#.....#
#######


You could see Pikel, 4 slaves and a goblin.

Vanquished Creatures
  Edmund (D:4)
  Ijyb (D:2)
  5 adders (D:3)
  A worm (D:2)
  2 giant geckos
  An ooze (D:3)
  6 orcs (D:3)
  3 giant cockroaches
  10 hobgoblins
  2 quokkas (D:3)
  5 bats
  A giant newt (D:1)
  8 goblins
  8 jackals
  7 kobolds
  14 rats
75 creatures vanquished.

Vanquished Creatures (others)
  A hobgoblin (D:1)
1 creature vanquished.

Grand Total: 76 creatures vanquished

Notes
Turn   | Place    | Note
--------------------------------------------------------------
     0 | D:1      | Chiseanne, the Demonspawn Monk, began the quest for the Orb.
     0 | D:1      | Reached XP level 1. HP: 16/16 MP: 0/0
   153 | D:1      | Gained mutation: You are very good at protecting items from fire. [demonic ancestry]
   153 | D:1      | Reached XP level 2. HP: 6/22 MP: 1/1
  1512 | D:2      | Noticed Ijyb
  1534 | D:2      | Killed Ijyb
  1534 | D:2      | Reached XP level 3. HP: 11/28 MP: 2/2
  2495 | D:3      | Gained mutation: You are partially covered in iridescent scales (AC +4). [demonic ancestry]
  2495 | D:3      | Reached XP level 4. HP: 34/34 MP: 3/3
  2739 | D:3      | Reached skill level 1 in Maces & Flails
  2836 | D:3      | Reached skill level 4 in Fighting
  2872 | D:3      | Reached skill level 1 in Armour
  3156 | D:3      | Gained mutation: You have a pair of small antennae on your head. [demonic ancestry]
  3156 | D:3      | Reached XP level 5. HP: 32/40 MP: 4/4
  3403 | D:4      | Noticed Edmund
  3412 | D:4      | Killed Edmund
  3521 | D:4      | Noticed Sigmund
  3535 | D:4      | Noticed a phantom
  3561 | D:5      | Entered Level 5 of the Dungeon
  3574 | D:5      | Gained mutation: You have a pair of antennae on your head. [demonic ancestry]
  3574 | D:5      | Reached XP level 6. HP: 14/47 MP: 5/5
  3636 | D:4      | Noticed Pikel
  3636 | D:4      | Noticed a slave
  3636 | D:4      | Noticed a slave
  3636 | D:4      | Noticed a slave
  3636 | D:4      | Noticed a slave
  3637 | D:4      | Demolished by Pikel

Action                   |  1- 3 |  4- 6 || total
-------------------------+-------+-------++-------
Melee: Unarmed           |   121 |       ||   121
       Club              |    69 |       ||    69
       Mace              |    12 |    90 ||   102
       Flail             |       |    19 ||    19
Throw: Club              |       |     2 ||     2
  Use: Scroll            |     3 |     7 ||    10
       Potion            |     2 |     2 ||     4
 Stab: Sleeping          |     2 |       ||     2
